 Dungeon Crawl Stone Soup version 0.29-a0-330-g52719c12eb (webtiles) character file.

Game seed: 3974980867974876695

3119 Ajdolov the Spear-Bearer (level 9, -17/68 HPs)
             Began as a Barachi Ice Elementalist on Apr 19, 2022.
             Was a Believer of Cheibriados.
             Demolished by an orc knight
             ... wielding a +0 glaive
              (21 damage)
             ... in a bailey.
             The game lasted 00:15:24 (8113 turns).

Ajdolov the Spear-Bearer (Barachi Ice Elementalist) Turns: 8113, Time: 00:15:25

Health: -17/68     AC: 14    Str: 14    XL:     9   Next: 91%
Magic:  10/16      EV: 12    Int: 24    God:    Cheibriados [**....]
Gold:   482        SH:  0    Dex: 19    Spells: 11/18 levels left

rFire   . . .      SeeInvis .   t - +0 trident
rCold   . . .      Faith    .   (no shield)
rNeg    . . .      Spirit   .   D - +3 leather armour
rPois   .          Reflect  .   y - +0 helmet
rElec   .          Harm     .   (no cloak)
rCorr   +          Rampage  .   (no gloves)
Will    .....                   w - +0 pair of boots
Stlth   ++........              j - amulet of the acrobat
HPRegen 0.21/turn               v - ring of resist corrosion
MPRegen 0.15/turn               (no ring)

@: ice-armoured, freezing walls, very slow
A: amphibious, slowness 1, strong legs 1, +LOS
a: Hop, Renounce Religion, Bend Time


You were in a bailey.
You worshipped Cheibriados.
Cheibriados was pleased with you.
You visited 2 branches of the dungeon, and saw 8 of its levels.
You also visited: Bailey.

You collected 482 gold pieces.

Inventory:

Hand Weapons
 t - a +0 trident (weapon)
Armour
 w - a +0 pair of boots (worn)
 y - a +0 helmet (worn)
 A - a +0 kite shield
 D - a +3 leather armour (worn)
Jewellery
 j - an amulet of the acrobat (around neck)
 v - a ring of resist corrosion (left hand)
Wands
 x - a wand of iceblast (6)
Scrolls
 c - 5 scrolls of teleportation {unknown}
 e - a scroll of fog {unknown}
 f - a scroll of enchant armour {unknown}
 l - 5 scrolls of identify {unknown}
 m - 2 scrolls of immolation {unknown}
 n - a scroll of noise {unknown}
 p - a scroll of torment {unknown}
 q - a scroll of silence {unknown}
 r - a scroll of vulnerability {unknown}
 s - 3 scrolls of fear {unknown}
 u - a scroll of enchant weapon {unknown}
 z - a scroll of magic mapping {unknown}
 C - a scroll of acquirement {unknown}
Potions
 a - a potion of degeneration {unknown}
 b - 3 potions of curing {unknown}
 d - 5 potions of attraction {unknown}
 g - a potion of magic
 h - a potion of ambrosia {unknown}
 i - 2 potions of invisibility {unknown}
 k - a potion of heal wounds
 o - a potion of mutation {unknown}
 B - a potion of haste {unknown}


   Skills:
 - Level 5.0 Fighting
 - Level 10.0 Polearms
 - Level 2.5 Dodging
 - Level 2.1 Stealth
 - Level 5.0 Spellcasting
 - Level 7.0 Ice Magic
 + Level 4.1 Invocations


You had 11 spell levels left.
You knew the following spells:

 Your Spells              Type           Power      Damage    Failure   Level
a - Freeze                Ice            100%       1d11      1%          1
b - Frozen Ramparts       Ice            78%        1d9       1%          3
c - Ozocubu's Armour      Ice            39%        N/A       1%          3

Your spell library contained the following spells:

 Spells                   Type           Power      Damage    Failure   Level
 Blink                    Tloc           12%        N/A       17%         2
 Hailstorm                Conj/Ice       22%        3d7       26%         4
 Stone Arrow              Conj/Erth      12%        3d7       32%         3
 Animate Armour           Summ/Erth      12%        N/A       73%         4
 Leda's Liquefaction      Hex/Erth       3%         N/A       73%         4
 Lee's Rapid Deconstruct  Erth           3%         3d6*      97%         5
 Manifold Assault         Tloc           6%         N/A       97%         5
 Statue Form              Tmut/Erth      4%         N/A       100%        6
 Storm Form               Tmut/Air       3%         N/A       100%        7
 Lehudib's Crystal Spear  Conj/Erth      3%         10d2      100%        8


Dungeon Overview and Level Annotations

Branches:
Dungeon (7/15)             Temple (1/1) D:5          Bailey (1/1)

Altars:
Ashenzari
Cheibriados
Dithmenos
Fedhas
Gozag
Hepliaklqana
Kikubaaqudgha
Makhleb
Nemelex Xobeh
Okawaru
Qazlal
Sif Muna
Trog
Uskayaw
Vehumet
Wu Jian
Yredelemnul
Zin
The Shining One

Shops:
D:6 =


Innate Abilities, Weirdness & Mutations

You are amphibious.
You cover ground slowly.
You can hop short distances.
You have an extended range of vision and can be seen from far away.


Message History

a +0 halberd; a +0 chain mail You open the door.
An orc knight and 3 orc warriors come into view.
The orc knight shouts!
The orc warrior shouts! x2
An orc warrior comes into view. It is wielding a +0 glaive.
Found a gate leading back out of this place.
There are no items here.
The orc knight roars a battlecry!
The orc warriors go into a battle-frenzy!
The orc warrior shouts!
There is an open door here.
Casting: Ozocubu's Armour (safe; 1% risk of failure)
Confirm with . or Enter, or press ? or * to list all spells.
Casting: Frozen Ramparts (safe; 1% risk of failure)
Press: ? - help, Dir - look around, f - activate An open door.
The walls around you are covered in ice.
The orc warrior shouts!
Casting: Frozen Ramparts (safe; 1% risk of failure)
Confirm with . or Enter, or press ? or * to list all spells.
A film of ice covers your body!
The wall freezes the orc knight.
The orc knight hits you from afar with a +0 glaive!!
Unknown command.
You reach to attack!
You hit the orc knight.
The orc knight is lightly wounded.
The wall freezes the orc knight!
The orc knight hits you from afar with a +0 glaive!
Aiming: Iceblast
Press: ? - help, Shift-Dir - straight line, f/p - orc knight
Aim: an orc knight, wielding a +0 glaive and wearing a +0 scale mail (moderately wounded)
The mass of ice explodes!
The iceblast engulfs the orc knight!
The orc knight is moderately wounded.
The iceblast engulfs the orc warrior!
The orc warrior is heavily wounded.
The wall freezes the orc warrior.
The orc warrior hits you from afar with a +0 glaive!!
* * * LOW HITPOINT WARNING * * *
The wall freezes the orc knight.
The orc knight hits you from afar with a +0 glaive!!
You die...

#.≈.##.....##......... #.$$$.#
#.≈).##...#+§.≈≈≈.≈≈§. #.$.##
#.≈≈..##.##..≈§.....≈≈ ##.##.
##.≈≈).#+#..≈≈§..⌠...§ #+#..
#∩.≈≈..# ......⌠∩⌠... #..
#.≈≈..## ..≈≈ooo..≈≈ ##.
#.≈..## oo≈≈≈≈≈≈≈. ## #.≈.##
#......... #
#.≈.#########@###+############
#.≈..........##.....##..))....
#.≈≈≈≈≈≈≈≈≈≈..##.∩.##..≈≈≈≈≈≈≈
#..........≈≈..## ##..≈≈......
##########..≈≈..###..≈≈..#####
##..≈≈...))≈≈..##
##..≈≈≈≈≈≈≈..## ##.........##
###########


You could see an orc knight and 4 orc warriors.

Vanquished Creatures
  Pikel (D:6)
  A kobold demonologist (D:5)
  Eustachio (D:6)
  2 water moccasins
  An orc warrior (Bailey)
  A black bear (D:3)
  3 ice beasts
  A sky beast (D:6)
  An ogre (D:4)
  2 lemures (D:5)
  A phantom (D:6)
  Blork the orc (D:4)
  A gnoll sergeant (D:5)
  5 scorpions
  3 necrophages
  A howler monkey (D:5)
  3 jellies
  4 hounds
  3 orc priests
  6 orc wizards
  Terence (D:2)
  4 gnolls (D:5)
  7 adders
  A white imp (D:5)
  4 worms
  2 dart slugs
  27 orcs
  7 ball pythons
  8 bats
  6 endoplasms
  3 giant cockroaches
  4 goblins
  5 hobgoblins
  7 jackals
  3 quokkas
  7 frilled lizards
  7 kobolds
  3 rats
148 creatures vanquished.

Notes
Turn   | Place    | Note
-------+----------+-------------------------------------------
     0 | D:1      | Ajdolov the Barachi Ice Elementalist began the quest for
                  | the Orb.
     0 | D:1      | Reached XP level 1. HP: 13/13 MP: 3/3
   128 | D:1      | Found a faded altar of an unknown god.
   302 | D:1      | Reached XP level 2. HP: 19/19 MP: 3/5
   358 | D:1      | Reached skill level 5 in Ice Magic
   988 | D:1      | Reached XP level 3. HP: 24/24 MP: 4/6
  1543 | D:2      | Learned a level 3 spell: Frozen Ramparts
  1547 | D:2      | Learned a level 3 spell: Ozocubu's Armour
  1556 | D:2      | Reached skill level 1 in Fighting
  1683 | D:2      | Reached XP level 4. HP: 31/32 MP: 3/7
  1752 | D:2      | Noticed Terence
  1759 | D:2      | Killed Terence
  2613 | D:3      | Noticed a black bear
  2628 | D:3      | Killed a black bear
  2629 | D:3      | Reached XP level 5. HP: 28/41 MP: 1/8
  3205 | D:3      | Reached XP level 6. HP: 47/47 MP: 2/10
  3410 | D:3      | Reached skill level 1 in Polearms
  4083 | D:4      | Reached skill level 2 in Polearms
  4083 | D:4      | Reached XP level 7. HP: 53/54 MP: 8/13
  4188 | D:4      | Noticed Blork the orc
  4197 | D:4      | Killed Blork the orc
  4344 | D:4      | Identified the +6 leather armour "Hevoupea" {-Cast rN+
                  | rCorr Dex+9}
  4929 | D:4      | Reached skill level 3 in Polearms
  5111 | D:5      | Entered Level 5 of the Dungeon
  5156 | D:5      | Reached skill level 5 in Spellcasting
  5349 | D:5      | Reached skill level 5 in Fighting
  5349 | D:5      | Reached XP level 8. HP: 34/62 MP: 12/15
  5549 | D:5      | Found a staircase to the Ecumenical Temple.
  5567 | Temple   | Entered the Ecumenical Temple
  5744 | Temple   | Became a worshipper of Cheibriados the Contemplative
  5822 | D:5      | Reached skill level 4 in Polearms
  5886 | D:5      | Noticed a kobold demonologist
  5933 | D:5      | Reached skill level 5 in Polearms
  6270 | D:5      | Noticed a smoke demon
  6271 | D:5      | Killed a kobold demonologist
  6272 | D:5      | Reached skill level 6 in Polearms
  6383 | D:6      | Noticed Pikel
  6554 | D:6      | Reached skill level 7 in Polearms
  6588 | D:6      | Noticed Eustachio
  6610 | D:6      | Killed Eustachio
  6625 | D:6      | Killed Pikel
  6626 | D:6      | Reached skill level 8 in Polearms
  6626 | D:6      | Reached XP level 9. HP: 41/68 MP: 6/16
  6630 | D:6      | Reached * piety under Cheibriados
  6641 | D:6      | Reached skill level 9 in Polearms
  7062 | D:6      | Found Unuf's Jewellery Shop.
  7278 | D:6      | Reached skill level 10 in Polearms
  7280 | D:6      | Reached skill level 1 in Invocations
  7663 | D:7      | Found a flagged portal.
  7677 | D:7      | Reached ** piety under Cheibriados
  7800 | Bailey   | Entered a bailey
  8107 | Bailey   | Noticed an orc knight
  8113 | Bailey   | Demolished by an orc knight

Illustrated notes

Levels and vault maps discovered:
D:1:      dpeg_arrival_water_temple_mockup, layout_basic,
          chequers_ecumenical_altar_simple
D:2:      layout_loops_ring, minmay_misc_feat_tiny, chequers_jeans,
          moated_statue, uniq_terence
D:3:      layout_loops_ring
D:4:      layout_loops_ring, uniq_blork_the_orc
D:5:      layout_gridville, minmay_temple_entry_offerings, st_stairs_8
D:6:      layout_loops_ring, serial_shops, nicolae_shop_trees, uniq_pikel,
          uniq_eustachio
D:7:      layout_loops_ring, enter_bailey_6, serial_shops, shop_fountains,
          nicolae_benzene_ring
Temple:   mainiacjoe_temple_circle_huts
Bailey:   bailey_polearm_1, bailey

Skill      XL: |  1  2  3  4  5  6  7  8  9 |
---------------+----------------------------+-----
Stealth        | 2 |  2.1
Ice Magic      | 5 7 |  7.0
Fighting       | 1 3 4 5 |  5.0
Spellcasting   | 3 4 5 |  5.0
Polearms       | 2 3 8 10 | 10.0
Invocations    | 4 |  4.1
Dodging        | |  2.5

Action                   |  1- 3 |  4- 6 |  7- 9 || total
-------------------------+-------+-------+-------++-------
Melee: Dagger            |    39 |    36 |       ||    75
       Trident           |       |    38 |   295 ||   333
       Punch             |       |     1 |     3 ||     4
 Cast: Freeze            |    42 |    16 |       ||    58
       Frozen Ramparts   |     3 |    12 |    36 ||    51
       Ozocubu's Armour  |       |     4 |    11 ||    15
 Abil: Hop               |       |     1 |       ||     1
Evoke: Wand              |       |       |     1 ||     1
 Stab: Sleeping          |       |     3 |     4 ||     7
Armor: Robe              |    19 |    36 |    43 ||    98
       Leather armour    |       |       |    20 ||    20
Dodge: Dodged            |    44 |    51 |   136 ||   231

Table legend: (Time is in decaauts)
 A = Elapsed time spent in this place.
 B = Non-inter-level travel time spent in this place.
 C = Inter-level travel time spent in this place.
 D = Time resting spent in this place.
 E = Time spent auto-exploring this place.
 F = Levels seen in this place.
 G = Mean time per level.
                   A        B        C        D        E       F      G
               +--------+--------+--------+--------+--------+-----+--------+
         Total |   9403 |   9175 |    228 |    984 |   6228 |   9 | 1044.8 |
       Dungeon |   8761 |   8560 |    201 |    867 |   6049 |   7 | 1251.6 |
        Temple |    240 |    214 |     26 |      0 |    178 |   1 |  240.0 |
        Bailey |    401 |    401 |      0 |    117 |      0 |   1 |  401.0 |
               +--------+--------+--------+--------+--------+-----+--------+

Top non-repeatable levels by time:
     D:1: 1536 daAuts
     D:6: 1468 daAuts
     D:3: 1458 daAuts
     D:5: 1432 daAuts
     D:2: 1414 daAuts
     D:4: 1246 daAuts
  Bailey: 401 daAuts
  Temple: 240 daAuts
     D:7: 205 daAuts
